 Dungeon Crawl Stone Soup version 0.22.1-1-ga44c0e56f4 (webtiles) character file.

63 Ivernyr the Magician (level 4, 36/36 HPs)
             Began as a Naga Wizard on Oct 26, 2018.
             Quit the game on level 2 of the Dungeon.
             The game lasted 00:10:54 (1834 turns).

Ivernyr the Magician (Naga Wizard)                  Turns: 1834, Time: 00:10:54

Health: 36/36      AC:  2    Str: 10    XL:     4   Next: 10%
Magic:  4/9        EV: 10    Int: 19    God:
Gold:   71         SH:  0    Dex:  9    Spells: 1/10 levels left

rFire    . . .     SeeInvis +   c - +0 spear
rCold    . . .     Gourm    .   (no shield)
rNeg     . . .     Faith    .   a - +0 robe
rPois    +         Spirit   .   b - +0 hat
rElec    .         Reflect  .   (no cloak)
rCorr    .         Harm     .   (no gloves)
MR       .....                  (no barding)
Stlth    ++........             (no amulet)
HPRegen  0.12/turn              (no ring)
MPRegen  0.11/turn              (no ring)

@: very slow
A: large, see invisible, deformed body, poison resistance, slowness 2, slow
metabolism 1, spit poison 1, AC +1
a: Spit Poison


You were on level 2 of the Dungeon.
You were not hungry.

You visited 1 branch of the dungeon, and saw 2 of its levels.

You collected 71 gold pieces.

Inventory:

Hand Weapons
 c - a +0 spear (weapon)
Armour
 a - a +0 robe (worn)
 b - a +0 hat (worn)
Scrolls
 h - a scroll of fear {unknown}
 i - a scroll of noise {unknown}
Potions
 e - a potion of might {unknown}
 g - a potion of magic {unknown}
Comestibles
 d - 2 rations


   Skills:
 - Level 1.5 Dodging
 - Level 3.0 Stealth
 + Level 3.8 Spellcasting
 + Level 2.7 Conjurations
   Level 1.0 Summonings
 - Level 1.0 Translocations


You had one spell level left.
You knew the following spells:

 Your Spells              Type           Power        Failure   Level  Hunger
a - Magic Dart            Conj           ##..         4%          1    None
b - Blink                 Tloc           N/A          14%         2    ##.....
c - Conjure Flame         Conj/Fire      #.......     24%         3    ###....
d - Mephitic Cloud        Conj/Pois/Air  #.......     28%         3    ###....

Your spell library contained the following spells:

 Spells                   Type           Power        Failure   Level  Hunger
 Call Imp                 Summ           #.......     14%         2    ##.....
 Slow                     Hex            #.......     22%         2    ##.....


Dungeon Overview and Level Annotations

Branches:
Dungeon (2/15)

Altars:
Ru


Innate Abilities, Weirdness & Mutations

You cannot wear boots.
Your serpentine skin is tough. (AC +1)
You have supernaturally acute eyesight. (SInv)
Armour fits poorly on your strangely shaped body.
Your system is resistant to poisons. (rPois)
You cover ground very slowly.
You have a slow metabolism.
You can spit poison.


Message History

The magic dart hits the adder.
The adder is severely wounded.
Casting: Magic Dart (safe; 4% risk of failure)
Confirm with . or Enter, or press ? or * to list all spells.
Aiming: Magic Dart (safe; 4% risk of failure)
Press: ? - help, Shift-Dir - straight line, f/p - adder
Aim: an adder (heavily wounded)
The magic dart hits the adder.
The adder is severely wounded.
Casting: Magic Dart (safe; 4% risk of failure)
Confirm with . or Enter, or press ? or * to list all spells.
Aiming: Magic Dart (safe; 4% risk of failure)
Press: ? - help, Shift-Dir - straight line, f/p - adder
Aim: an adder (severely wounded)
The magic dart hits the adder.
You kill the adder!
You have reached level 4!
You feel stronger.
No target in view!
Are you sure you want to abandon this character and quit the game? (Confirm

#.........# #.........#
#........ #.........#
#........ #.........#
#........ #.........#
#........ ###.........#
#........ .[..........#
#........ ###.........#
#†....... ########).###
#@[......
......###.######........
........................
......###..###.#........
...... ##.###.#........
...... #..##.#........
......#####.##.######...
......#......#.# ...
......#......#.# .)


There were no monsters in sight!

Vanquished Creatures
  2 adders (D:2)
  An ooze (D:1)
  A dart slug (D:1)
  2 leopard geckos
  6 bats
  A giant cockroach (D:2)
  3 goblins (D:1)
  5 hobgoblins
  4 jackals (D:2)
  6 kobolds
  A frilled lizard (D:1)
  3 rats
35 creatures vanquished.

Notes
Turn   | Place    | Note
-------+----------+-------------------------------------------
     0 | D:1      | Ivernyr the Naga Wizard began the quest for the Orb.
     0 | D:1      | Reached XP level 1. HP: 15/15 MP: 4/4
   170 | D:1      | Reached XP level 2. HP: 20/22 MP: 1/6
   256 | D:1      | Learned a level 2 spell: Blink
   451 | D:1      | Reached XP level 3. HP: 22/28 MP: 2/7
   869 | D:1      | Learned a level 3 spell: Conjure Flame
   873 | D:1      | Learned a level 3 spell: Mephitic Cloud
  1745 | D:2      | Found a sacrificial altar of Ru.
  1833 | D:2      | Reached XP level 4. HP: 36/36 MP: 4/9
  1834 | D:2      | Quit the game

Skill      XL: |  1  2 |
---------------+-------+-----
Conjurations   | 2 |  2.7
Dodging        | |  1.5
Stealth        | |  3.0
Spellcasting   | |  3.8
Summonings     | |  1.0
Translocations | |  1.0

Action                   |  1- 3 |  4- 6 || total
-------------------------+-------+-------++-------
Melee: Spear             |    61 |       ||    61
 Cast: Magic Dart        |    76 |     1 ||    77
 Abil: Spit Poison       |    15 |       ||    15
  Use: Scroll            |     1 |       ||     1
  Eat: Chunk             |     2 |       ||     2
Armor: Robe              |    18 |       ||    18
Dodge: Dodged            |    56 |       ||    56
